AoeStats
← jphilkill

Arena

506590021Analyzed
4v4 RM · 19d ago on Sep 14, 2026· 28m 0s· 8 players
Game mode
Random Map
Map size
Large (8 player)
Population
200
Speed
Normal
Resources
Standard
Victory
Conquest
Starting age
Dark Age
Ending age
Imperial Age
RankedLock teamsTeams togetherTeam positionsShared explorationLock speedFull tech treeHidden civsTurbo modeCheats
Victory
Defeat
955
+12
🇩🇪 Burgundians · Germany
919
+13
🇲🇽 Persians · Mexico
846
+16
🇦🇺 Celts · Australia
813
+17
🇻🇳 Byzantines · Vietnam
912
-17
🇮🇳 Vikings · India
872
-15
🇲🇽 Lithuanians · Mexico
851
-15
🇹🇼 Chinese · Taiwan
761
-11
Gustatro
5:11 Loom
10:24 Feudal Age
15:26 Castle Age
14:00 Double-Bit Axe
13:58 Horse Collar
18:49 Man-at-Arms
23:01 Heavy Plow
25:46 Husbandry
25:58 Forging
25:52 Scale Mail Armor
27:13 Bloodlines
27:56 Iron Casting
27:27 Scale Barding Armor
Uruz_7
3:09 Loom
10:12 Feudal Age
10:38 Double-Bit Axe
19:23 Castle Age
18:34 Gold Mining
22:25 Fletching
24:56 Horse Collar
25:29 Bodkin Arrow
ninjavarier
10:11 Feudal Age
9:16 Loom
15:00 Castle Age
13:27 Double-Bit Axe
14:00 Horse Collar
25:27 Gold Mining
25:28 Stone Mining
31:03 Imperial Age
hongtinneli
12:03 Feudal Age
17:43 Castle Age
16:20 Stone Mining
18:09 Double-Bit Axe
18:05 Horse Collar
27:47 Imperial Age
Borzak4113
0:34 Loom
10:35 Feudal Age
11:45 Double-Bit Axe
14:13 Wheelbarrow
16:41 Horse Collar
22:57 Castle Age
21:39 Forging
21:49 Stone Mining
21:58 Gold Mining
23:38 Bow Saw
24:26 Heavy Plow
25:04 Stone Shaft Mining
25:05 Gold Shaft Mining
24:50 Fletching
25:02 Padded Archer Armor
30:19 Imperial Age
Portuguese Bombard Cannon
10:57 Feudal Age
12:14 Wheelbarrow
11:23 Horse Collar
11:30 Double-Bit Axe
14:20 Loom
18:57 Castle Age
17:06 Fletching
20:02 Thumb Ring
22:05 Hand Cart
21:18 Crossbowman
23:22 Bow Saw
24:42 Heavy Plow
jphilkill
1:02 Loom
11:46 Feudal Age
16:18 Castle Age
14:26 Stone Mining
14:34 Double-Bit Axe
24:14 Wheelbarrow
24:46 Horse Collar
1800000
12:14 Feudal Age
13:02 Horse Collar
13:08 Double-Bit Axe
18:42 Castle Age
17:49 Gold Mining
17:53 Stone Mining
19:37 Bow Saw
19:28 Heavy Plow
21:59 Loom
23:34 Stone Shaft Mining
23:35 Gold Shaft Mining
23:55 Caravan
Connection lost

Rejoining the realm…

Still unreachable

The connection could not be restored.

Session expired

The server has moved on; the page needs a fresh start.